 Dungeon Crawl Stone Soup version 0.27-a0-401-gea03ee85fd (webtiles) character file.

Game seed: 9035445456371775972

328822 dolemite99 the Warrior (level 20, -6/126 (178) HPs)
             Began as a Demonspawn Fighter on Feb 21, 2021.
             Was the Champion of Yredelemnul.
             Killed from afar by a shadow dragon (46 damage)
             ... with a bolt of negative energy
             ... on level 1 of the Depths.
             The game lasted 02:02:58 (67525 turns).

dolemite99 the Warrior (Demonspawn Fighter)        Turns: 67525, Time: 02:02:58

HP:   -6/126 (178)  AC: 42    Str: 24    XL:     20   Next: 81%
MP:   28/29         EV:  8    Int: 12    God:    Yredelemnul [******]
Gold: 142           SH: 25    Dex: 15    Spells: 19/19 levels left

rFire    + + +     SeeInvis +   a - +12 lance "Wyrmbane" {slay drac, rPois rF+ rC+ AC+3}
rCold    + + +     Faith    .   d - +2 shield of Resistance {rF++ rC++ Will++}
rNeg     . . .     Spirit   .   O - +7 plate armour {rF+}
rPois    +         Reflect  +   B - +2 hat
rElec    .         Harm     .   s - +2 cloak
rCorr    .         Rampage  .   J - +1 pair of gloves {Dex+3}
Will     ++++.                  (boots unavailable)
Stlth    ..........             C - amulet of reflection
HPRegen  0.31/turn              G - ring "Netau" {Will+ AC+4 Str+2 Dex-2, =R}
MPRegen  0.21/turn              F - ring of see invisible

@: mighty, studying 2 skills, very heavily drained
A: talons 3, rugged brown scales 2, powered by pain 3, augmentation 1,
condensation shield
}: 2/15 runes: serpentine, barnacled
a: Renounce Religion, Recall Undead Slaves, Injury Mirror, Animate Dead, Drain
Life, Enslave Soul


You were on level 1 of the Depths.
You worshipped Yredelemnul.
Yredelemnul was exalted by your worship.
You visited 9 branches of the dungeon, and saw 40 of its levels.
You also visited: Ice Cave.

You collected 4439 gold pieces.
You spent 4297 gold pieces at shops.

Inventory:

Hand Weapons
 a - the +12 lance "Wyrmbane" (weapon) {slay drac, rPois rF+ rC+ AC+3}
   (You bought it in a shop on level 2 of the Orcish Mines)

   It affects your AC (+3).
   It protects you from fire.
   It protects you from cold.
   It protects you from poison.
 w - the +10 morningstar "Eos" {elec, Halo rElec}
   (You took it off a deep elf sorcerer on level 3 of the Elven Halls)

   Occasionally, upon striking a foe, it can discharge electrical energy and
   cause terrible harm.
   It insulates you from electricity.
 N - a +1 broad axe of flaming
Missiles
 U - 95 javelins (quivered)
Armour
 d - the +2 shield of Resistance (worn) {rF++ rC++ Will++}
   (You found it on level 9 of the Dungeon)

   It greatly protects you from fire.
   It greatly protects you from cold.
   It affects your willpower, your defense against some magical effects.
 s - a +2 cloak (worn)
 B - a +2 hat (worn)
 J - a +1 pair of gloves of dexterity (worn)
 O - a +7 plate armour of fire resistance (worn)
Magical Staves
 I - a staff of death
Jewellery
 o - the ring "Qezae" {rPois Int+6}
   (You found it in an ice cave)

   [ring of intelligence]

   It affects your intelligence (+6).
   It protects you from poison.
 t - a +4 ring of evasion
 y - the ring of Ru's Regard {rPois rN+ Dex+6}
   (You took it off a deep elf sorcerer on level 3 of the Elven Halls)

   [ring of positive energy]

   It affects your dexterity (+6).
   It protects you from poison.
   It protects you from negative energy.
 C - an amulet of reflection (around neck)
 F - a ring of see invisible (right hand)
 G - the ring "Netau" (left hand) {Will+ AC+4 Str+2 Dex-2, =R}
   (You found it on level 4 of the Shoals)

   [ring of protection]

   It affects your AC (+4).
   It affects your strength (+2).
   It affects your dexterity (-2).
   It affects your willpower, your defense against some magical effects.
 L - a +4 ring of protection
 R - the ring "Zuenaj" {rC++ Int-2 Dex+6}
   (You took it off a deep elf high priest on level 3 of the Elven Halls)

   [ring of dexterity]

   It affects your intelligence (-2).
   It affects your dexterity (+6).
   It greatly protects you from cold.
 S - a ring of protection from cold
 Y - a ring of resist corrosion
Wands
 b - a wand of iceblast (13)
 k - a wand of mindburst (49)
 m - a wand of flame (43)
 r - a wand of acid (19)
 K - a wand of paralysis (6)
 T - a wand of polymorph (36)
Scrolls
 e - 11 scrolls of teleportation
 f - 11 scrolls of identify {@r1}
 i - 6 scrolls of silence
 j - 4 scrolls of fear
 n - 6 scrolls of magic mapping
 v - 3 scrolls of fog
 M - a scroll of brand weapon
 P - 7 scrolls of blinking
 Q - a scroll of vulnerability
 V - a scroll of summoning
 X - 2 scrolls of amnesia
Potions
 g - a potion of might
 h - 7 potions of curing
 p - 3 potions of berserk rage
 q - 5 potions of attraction
 u - 5 potions of heal wounds
 x - 10 potions of brilliance
 z - 3 potions of cancellation
 A - 3 potions of mutation
 D - 3 potions of lignification
 E - 4 potions of magic
 H - 9 potions of flight
 W - 8 potions of ambrosia
Miscellaneous
 c - a condenser vane
 l - a phantom mirror
 Z - a box of beasts


   Skills:
 - Level 17.9 Fighting
 - Level 17.0(17.1) Axes
 - Level 2.9(11.8) Polearms
 - Level 17.1 Armour
 - Level 15.0 Shields
 - Level 12.4 Invocations
 + Level 12.5 Evocations


You had 19 spell levels left.
You didn't know any spells.
Your spell library contained the following spells:

 Spells                   Type           Power        Failure   Level
 Animate Skeleton         Necr           0%           92%         1
 Foxfire                  Conj/Fire      0%           92%         1
 Magic Dart               Conj           0%           92%         1
 Sandblast                Erth           0%           92%         1
 Sting                    Tmut/Pois      0%           92%         1
 Summon Small Mammal      Summ           0%           92%         1
 Blink                    Tloc           N/A          98%         2
 Call Imp                 Summ           0%           98%         2
 Corpse Rot               Necr/Air       N/A          98%         2
 Passwall                 Tmut/Erth      0%           98%         2
 Poisonous Vapours        Pois/Air       0%           98%         2
 Searing Ray              Conj           0%           98%         2
 Slow                     Hex            0%           98%         2
 Call Canine Familiar     Summ           0%           100%        3
 Conjure Flame            Conj/Fire      0%           100%        3
 Dazzling Flash           Conj/Hex       0%           100%        3
 Ignite Poison            Fire/Tmut/Pois 0%           100%        3
 Mephitic Cloud           Conj/Pois/Air  0%           100%        3
 Static Discharge         Conj/Air       0%           100%        3
 Stone Arrow              Conj/Erth      0%           100%        3
 Summon Guardian Golem    Hex/Summ       0%           100%        3
 Animate Dead             Necr           0%           100%        4
 Cause Fear               Hex            0%           100%        4
 Dispel Undead            Necr           0%           100%        4
 Fulminant Prism          Conj/Hex       0%           100%        4
 Iskenderun's Mystic Bla  Conj/Tloc      0%           100%        4
 Olgreb's Toxic Radiance  Pois           0%           100%        4
 Passage of Golubria      Tloc           N/A          100%        4
 Petrify                  Tmut/Erth      0%           100%        4
 Summon Ice Beast         Ice/Summ       0%           100%        4
 Summon Lightning Spire   Summ/Air       0%           100%        4
 Excruciating Wounds      Necr           0%           100%        5
 Fireball                 Conj/Fire      0%           100%        5
 Iskenderun's Battlesphe  Conj           0%           100%        5
 Lee's Rapid Deconstruct  Erth           0%           100%        5
 Silence                  Hex/Air        0%           100%        5
 Summon Mana Viper        Hex/Summ       0%           100%        5
 Yara's Violent Unravell  Hex/Tmut       0%           100%        5
 Dispersal                Tloc           0%           100%        6
 Freezing Cloud           Conj/Ice/Air   0%           100%        6
 Dragon Form              Tmut           0%           100%        7
 Orb of Destruction       Conj           0%           100%        7
 Discord                  Hex            0%           100%        8
 Disjunction              Tloc           0%           100%        8
 Dragon's Call            Summ           0%           100%        9


Dungeon Overview and Level Annotations

Branches:
Dungeon (15/15)            Temple (1/1) D:7            Lair (6/6) D:9
 Shoals (4/4) Lair:4        Snake (4/4) Lair:2        Slime (0/5) Lair:5
    Orc (2/2) D:10            Elf (3/3) Orc:2        Vaults (4/5) D:14
  Crypt (0/3) Vaults:3     Depths (1/5) D:15          IceCv (visited)

Altars:
Ashenzari
Cheibriados
Dithmenos
Elyvilon
Fedhas
Gozag
Hepliaklqana
Kikubaaqudgha
Makhleb
Nemelex Xobeh
Okawaru
Qazlal
Sif Muna
Trog
Uskayaw
Vehumet
Wu Jian
Xom
Yredelemnul
Zin
The Shining One
Beogh

Shops:
D:5 *(   D:8 [?   Orc:1 (   Orc:2 :(?*   Shoals:1 *   Shoals:4 *   Snake:2 (
Vaults:1 ?[**   Vaults:2 ?[   Vaults:4 ?   Depths:1 *

Portals:
Hell: Depths:1
Abyss: Lair:2 Depths:1
Pandemonium: Depths:1
Trove: Elf:3 (give 4 potions of resistance)

Annotations:
D:3 3 runed translucent doors, garrulousMonolith's ghost, amateur MiGl
D:9 1 runed translucent door
D:12 exclusion: 2 obsidian statues
D:14 exclusion: downstairs
Lair:1 exclusion: oklob plant
Lair:2 2 transporters, Evofyass's ghost, journeyman TeCj


Innate Abilities, Weirdness & Mutations

You have claws for feet.
You are mostly covered in rugged brown scales. (AC +2, +5% HP)
You are powered by pain.
Your magical and physical power is slightly enhanced at high health.
A meltable shield of frost defends you. (SH +4)


Message History

You focus on the pain.
You feel mightier all of a sudden.
The shadow dragon bites your infernal demonspawn zombie.
The shadow dragon claws your infernal demonspawn zombie. x2
Your infernal demonspawn zombie is destroyed!
Your bone dragon bites the frost giant skeleton!
Your bone dragon claws the frost giant skeleton.
Your bone dragon tramples the frost giant skeleton!
The frost giant skeleton stumbles backwards!
Your fire dragon skeleton bites the frost giant skeleton.
Your fire dragon skeleton claws the frost giant skeleton but does no damage.
Your fire dragon skeleton tramples the frost giant skeleton!
The frost giant skeleton hits your bone dragon but does no damage.
You feel much better.
The shadow dragon bites something.
The shadow dragon claws something. x2
Your bone dragon bites the frost giant skeleton!!
The frost giant skeleton is destroyed!
Yredelemnul accepts your kill.
The shadow dragon breathes negative energy at you.
The bolt of negative energy hits you!!
You feel drained.
* * * LOW HITPOINT WARNING * * *
You focus on the pain.
You feel mightier all of a sudden.
You feel much better.
Something barely misses the shadow dragon.
The shadow dragon bites something!!
Your bone dragon barely misses the shadow dragon.
Your bone dragon claws the shadow dragon but does no damage.
Your bone dragon tramples the shadow dragon.
The shadow dragon holds its ground!
You feel much better.
Something hits the shadow dragon but does no damage.
Your fire dragon skeleton bites the necromancer!
The necromancer dies!
Yredelemnul accepts your kill.
The ettin zombie hits something.
The ettin zombie hits something!!
The shadow dragon breathes negative energy at you.
The bolt of negative energy hits you!!!
You feel drained.
You die...
Your body rises from the dead as a mindless zombie.

###########.Z....##Z#
#......# *
#........###'######W#
##'##### * #..(.....Z....#
###.####.# *
#.......Z##.#.###..(.....#
*
#........######...########
* #........#...:##### *
#........#.Z..### *
#........#.Z)DD.# *
#........#.Z.D#@# *
#........#ZZp.#.# *
#........######.# *
#..........)..).# *
#.....)...Z..)..# *
#........)......# *
#........########**********
* #....)....## *,,,,,,,,,>*
* #..........# *,,,,,,,,,,*
*


You could see a shadow dragon (catching breath), an ettin zombie, a friendly
bone dragon and a friendly fire dragon skeleton.

Vanquished Creatures
  A bone dragon (Depths:1)
  Rupert (D:14)
  Asterion (Depths:1)
  A deep elf master archer (Elf:3)
  A sphinx (Vaults:4)
  A tengu reaver (Depths:1)
  3 nagarajas (Snake:4)
  A frost giant (IceCv)
  A deep elf sorcerer (Elf:3)
  A vault warden (Vaults:2)
  A balrug (Depths:1)
  Louise (Depths:1)
  3 ironheart preservers
  A ghoul (D:13)
  3 very ugly things (Depths:1)
  3 stone giants
  A vampire knight (Depths:1)
  2 deep elf demonologists (Elf:3)
  Azrael (Snake:1)
  An entropy weaver (Vaults:3)
  A crystal guardian (Vaults:4)
  An ettin (Depths:1)
  Josephine (Lair:5)
  4 fire dragons
  5 deep elf death magi
  5 yaktaur captains
  A deep elf high priest (Elf:3)
  4 boulder beetles
  Erolcha (Orc:2)
  An ogre mage (Vaults:4)
  3 ice dragons
  A rakshasa (D:13)
  2 catoblepae (D:15)
  7 hydras
  7 naga warriors
  6 anacondas
  2 merfolk avatars
  A vault guard (Vaults:2)
  5 centaur warriors
  A death knight (Vaults:1)
  9 dancing weapons
  3 deep troll earth magi
  A tengu warrior (D:14)
  6 deep troll shamans
  2 death yaks (Lair:5)
  A satyr (Shoals:2)
  7 two-headed ogres
  A vampire mage (Depths:1)
  Urug (D:14)
  3 orc high priests (Orc:2)
  6 naga sharpshooters
  7 deep elf knights
  Sonja (D:10)
  3 skeletal warriors (D:15)
  2 iron trolls (Depths:1)
  A flayed ghost (Depths:1)
  A spark wasp zombie (Depths:1)
  2 naga ritualists (Snake:2)
  6 deep elf archers
  4 unseen horrors
  12 sea snakes
  6 deep trolls
  An ironbrand convoker (Vaults:1)
  A wizard (Vaults:1)
  2 harpies
  A necromancer (Depths:1)
  13 deep elf pyromancers
  4 orc sorcerers
  8 deep elf zephyrmancers
  21 ugly things
  A wolf spider zombie (D:13)
  3 mana vipers
  8 orc knights
  3 manticores
  A moth of wrath (shapeshifter) (D:14)
  4 salamanders
  5 cyclopes
  8 elephants
  A guardian serpent (shapeshifter) (D:15)
  5 fauns
  An elephant (shapeshifter) (Elf:3)
  5 naga magi
  A smoke demon (Depths:1)
  2 merfolk sirens
  A water nymph (Shoals:4)
  2 centaur zombies (D:13)
  An ice statue (IceCv)
  2 guardian serpents (Snake:4)
  24 black mambas
  A rust devil (D:14)
  5 gargoyles
  An orange demon (Depths:1)
  A torpor snail (Lair:5)
  13 cane toads
  A kobold demonologist (D:15)
  3 rime drakes
  A komodo dragon (shapeshifter) (D:15)
  Maggie (D:6)
  2 freezing wraiths
  10 yaktaurs
  2 yaktaurs (shapeshifter)
  6 komodo dragons
  2 tengu conjurers (D:14)
  8 merfolk
  A red devil (Depths:1)
  7 trolls
  3 meliai (D:14)
  17 polar bears
  A queen bee (D:14)
  2 tyrant leeches (Lair:6)
  15 slime creatures
  A wind drake (shapeshifter) (Vaults:3)
  3 wind drakes
  20 blink frogs
  A hornet (D:12)
  5 dream sheep
  A vampire (D:12)
  3 snapping turtles
  Sigmund (D:2)
  A deep troll skeleton (Depths:1)
  2 shadows (D:13)
  A centaur simulacrum (D:14)
  2 fire elementals (Snake:1)
  A tarantella (shapeshifter) (Depths:1)
  6 water elementals
  6 wraiths
  4 wyverns
  A hog (shapeshifter) (Vaults:2)
  A basilisk (shapeshifter) (Vaults:4)
  41 yaks
  14 humans (D:14)
  Grum (D:8)
  4 vampire mosquitoes
  28 nagas
  A large abomination (Elf:1)
  6 wargs
  A soldier ant (D:14)
  2 acid dragons
  10 water moccasins
  A very ugly thing zombie (Depths:1)
  2 hell hounds (Snake:1)
  2 black bears
  13 ogres
  A sky beast (shapeshifter) (D:14)
  26 orc warriors
  3 sky beasts
  A hornet zombie (D:9)
  A meliai simulacrum (D:14)
  7 ice beasts
  A necrophage (D:14)
  9 boggarts
  35 wolves
  12 centaurs
  3 phantoms
  23 bullfrogs
  A gnoll sergeant (D:9)
  A human simulacrum (Depths:1)
  A wyvern skeleton (D:14)
  A water moccasin skeleton (D:7)
  2 scorpions
  An ugly thing zombie (Depths:1)
  15 killer bees
  13 wights
  4 howler monkeys
  5 electric eels
  13 jellies
  A bullfrog zombie (D:12)
  A quasit (D:8)
  5 centaur skeletons
  5 hounds
  15 orc priests
  Crazy Yiuf (D:4)
  3 bullfrog skeletons
  An iron imp (D:14)
  A minotaur zombie (Depths:1)
  5 hell rats (Lair:3)
  6 iguanas
  17 orc wizards
  12 worker ants
  Terence (D:2)
  A killer bee zombie (D:8)
  A hound zombie (D:9)
  A worker ant zombie (D:6)
  12 adders
  7 gnolls
  A white imp (D:6)
  6 ufetubi
  An adder zombie (D:8)
  5 deep troll zombies (Depths:1)
  An adder skeleton (D:8)
  3 worms
  4 dart slugs
  5 leopard geckos
  64 orcs
  6 giant cockroaches
  14 goblins
  5 hobgoblins
  11 jackals
  3 quokkas
  11 bats
  8 frilled lizards
  A jackal skeleton (D:9)
  14 kobolds
  A leopard gecko skeleton (D:5)
  A quokka skeleton (D:4)
  A quokka zombie (D:5)
  10 rats
1042 creatures vanquished.

Vanquished Creatures (collateral kills)
  A dread lich (Depths:1)
  Mara (Vaults:3)
  Bai Suzhen (Vaults:3)
  Saint Roka (Orc:2)
  Vashnia (Snake:3)
  The ghost of agentgt the Warrior, a veteran KoAK of Lugonu (Vaults:3)
  Nikola (Vaults:3)
  The ghost of Toac the Warrior, an adept DsGl of Okawaru (Shoals:2)
  2 deep elf blademasters (Elf:3)
  A deep elf master archer (Elf:3)
  Polyphemus (Shoals:3)
  A kraken (Shoals:2)
  5 nagarajas (Snake:4)
  Ilsuiw (Shoals:4)
  3 frost giants
  A fire giant (Vaults:3)
  5 deep elf sorcerers (Elf:3)
  4 vault wardens
  4 ironheart preservers
  5 deep elf elementalists (Elf:3)
  2 stone giants
  3 very ugly things (Depths:1)
  2 vampire knights (Depths:1)
  Nessos (Lair:5)
  3 deep elf demonologists (Elf:3)
  An entropy weaver (Vaults:2)
  4 deep elf annihilators (Elf:3)
  5 deep elf death magi
  2 ettins
  7 merfolk javelineers
  7 merfolk impalers
  3 deep elf high priests
  3 yaktaur captains
  4 fire dragons
  A great orb of eyes (Depths:1)
  2 vault guards (Vaults:2)
  4 boulder beetles
  5 hydras
  2 rakshasas
  4 ice dragons
  15 naga warriors
  A catoblepas (Shoals:3)
  2 merfolk avatars (Shoals:4)
  An ogre mage (Vaults:1)
  8 anacondas
  2 alligator snapping turtles (Shoals:2)
  4 merfolk aquamancers
  3 satyrs
  3 centaur warriors
  A death knight (Vaults:4)
  3 deep troll earth magi (Depths:1)
  11 dancing weapons
  4 deep troll shamans
  6 death yaks
  8 naga sharpshooters
  8 shock serpents
  A spriggan berserker (Depths:1)
  12 deep elf knights
  A large abomination (Elf:1)
  2 shadow wraiths
  A salamander mystic (Snake:4)
  Nergalle (Lair:4)
  14 sea snakes
  An unseen horror (D:15)
  4 skeletal warriors (Depths:1)
  A glowing orange brain (Vaults:2)
  An infernal demonspawn (Depths:1)
  13 deep trolls
  2 naga ritualists (Snake:4)
  12 deep elf archers
  2 wizards
  A flayed ghost (Vaults:3)
  A phantasmal warrior (Vaults:2)
  9 ironbrand convokers
  A harpy (shapeshifter) (Elf:2)
  A lindwurm (Lair:3)
  2 necromancers
  2 orc sorcerers
  7 orc knights
  A sphinx zombie (Depths:1)
  6 wolf spiders
  8 deep elf pyromancers
  11 deep elf zephyrmancers
  7 manticores
  10 ugly things
  5 harpies
  4 mana vipers (Snake:4)
  3 cyclopes
  12 fauns
  A spectral deep troll (Depths:1)
  5 salamanders
  Maurice (Orc:2)
  8 merfolk sirens
  An elephant (Lair:5)
  A frost giant skeleton (Depths:1)
  4 vault sentinels
  21 black mambas
  7 guardian serpents
  12 naga magi
  3 water nymphs
  A centaur zombie (D:15)
  A torpor snail (Lair:6)
  7 cane toads
  18 yaktaurs
  An orange demon (D:14)
  A centaur skeleton (D:13)
  A rime drake (Lair:5)
  A rime drake (shapeshifter) (D:13)
  A freezing wraith (Vaults:2)
  2 spriggan skeletons (Depths:1)
  3 komodo dragons
  3 trolls
  22 merfolk
  A meliai (shapeshifter) (Vaults:1)
  A hornet (Vaults:4)
  2 polar bears
  2 tyrant leeches (Lair:6)
  A queen bee (shapeshifter) (Depths:1)
  5 wind drakes
  5 blink frogs (Lair:6)
  A jumping spider (shapeshifter) (D:15)
  A slime creature (shapeshifter) (D:13)
  11 slime creatures
  6 dream sheep
  6 snapping turtles
  2 air elementals (Elf:2)
  A shadow (D:13)
  2 redbacks (Vaults:3)
  7 water elementals
  A yak (shapeshifter) (Vaults:2)
  16 yaks
  2 wyverns
  2 humans (D:14)
  3 vampire mosquitoes
  33 nagas
  2 wargs
  An acid dragon (Vaults:1)
  4 water moccasins
  14 orc warriors
  2 black bears
  3 ice beasts (D:13)
  A sky beast (D:10)
  6 ogres
  5 boggarts
  2 wolves (IceCv)
  2 elf zombies (Elf:1)
  12 bullfrogs
  A wyvern zombie (D:13)
  4 earth elementals
  A scorpion (D:9)
  4 killer bees
  6 wights
  3 electric eels
  A bullfrog zombie (D:13)
  A quasit (D:10)
  9 orc priests
  A bullfrog skeleton (D:12)
  5 jellies (Lair:5)
  7 iron imps (D:14)
  An iguana (D:10)
  6 orc wizards
  A worker ant (D:13)
  2 mummies (D:13)
  2 gnolls (Orc:2)
  A river rat (shapeshifter) (D:15)
  An ooze (Lair:5)
  16 orcs
  A plant (Shoals:2)
  4 tentacles (Shoals:2)
714 creatures vanquished.

Vanquished Creatures (others)
  2 bone dragons
  A profane servitor (Shoals:4)
  3 ghouls
  5 vampire knights
  A deep elf knight (Elf:2)
  7 skeletal warriors
  4 flayed ghosts
  A deep troll (Depths:1)
  13 phantasmal warriors
  A naga mage (Snake:4)
  4 flying skulls
  3 vampires
  4 wraiths
  A very ugly thing zombie (Depths:1)
  7 anaconda zombies
  A bullfrog (Lair:6)
  An entropy weaver zombie (Vaults:3)
  4 ugly thing zombies
  A wight (Lair:3)
  3 guardian serpent zombies (Snake:4)
  A wolf spider zombie (Vaults:3)
  A fire giant zombie (Vaults:3)
  2 stone giant zombies
  An orc priest (Orc:2)
  6 sea snake zombies
  An elf zombie (Elf:3)
  2 catoblepas zombies (D:15)
  4 hydra zombies
  2 ettin zombies (Depths:1)
  21 black mamba zombies
  2 satyr zombies
  A spriggan zombie (Depths:1)
  2 ghoul skeletons
  3 mummies
  5 shock serpent zombies (Snake:4)
  A tyrant leech zombie (Lair:6)
  A wind drake zombie (Shoals:2)
  4 cane toad zombies
  4 elephant zombies
  5 deep troll zombies
  2 harpy zombies
  An infernal demonspawn zombie (Depths:1)
  13 merfolk zombies
  2 two-headed ogre zombies (D:15)
  3 fire dragon zombies
  An ice dragon zombie (Depths:1)
  A merfolk skeleton (Shoals:2)
  A boulder beetle zombie (Lair:5)
  8 faun zombies
  A tengu skeleton (Depths:1)
  2 snapping turtle zombies
  A meliai zombie (D:14)
  A vampire mosquito zombie (Lair:6)
  2 torpor snail zombies
  3 salamander zombies
  8 blink frog zombies (Lair:6)
  13 bullfrog zombies
  2 dream sheep zombies (Lair:6)
  2 komodo dragon zombies
  2 manticore zombies
  2 tengu zombies
  2 warg zombies
  2 water moccasin zombies (Lair:3)
  20 yak zombies
  7 yaktaur zombies
  3 rime drake zombies
  A cyclops zombie (D:12)
  A cyclops skeleton (D:14)
  19 human zombies
  19 naga zombies
  6 ogre zombies
  6 polar bear zombies
  A scorpion zombie (D:13)
  An acid dragon zombie (D:15)
  A black bear zombie (Lair:5)
  5 centaur zombies
  3 gnoll zombies (Orc:2)
  3 hell rat zombies (Lair:3)
  2 howler monkey zombies (D:9)
  2 iguana zombies
  5 killer bee zombies
  2 kobold zombies (D:15)
  A leopard gecko zombie (D:10)
  An orc skeleton (Orc:2)
  46 orc zombies
  A queen bee zombie (D:14)
  2 sky beast zombies
  4 troll zombies
  17 wolf zombies
  2 worker ant zombies
  3 wyvern zombies
  62 bushes (Depths:1)
  124 fungi
  299 plants
  4 tentacles (Shoals:2)
  2 withered plants (D:13)
886 creatures vanquished.

Grand Total: 2642 creatures vanquished

Notes
Turn   | Place    | Note
-------+----------+-------------------------------------------
     0 | D:1      | dolemite99 the Demonspawn Fighter began the quest for the
                  | Orb.
     0 | D:1      | Reached XP level 1. HP: 18/18 MP: 1/1
     0 | D:1      | Noticed a minotaur skeleton
    21 | D:1      | Noticed a minotaur skeleton
   252 | D:1      | Gained mutation: You have sharp toenails. [demonic
                  | ancestry]
   252 | D:1      | Reached XP level 2. HP: 21/24 MP: 2/2
   815 | D:1      | Reached XP level 3. HP: 27/29 MP: 3/3
  1527 | D:2      | Noticed Terence
  1545 | D:2      | Killed Terence
  1782 | D:2      | Reached XP level 4. HP: 22/35 MP: 4/4
  2189 | D:2      | Noticed Sigmund
  2203 | D:2      | Killed Sigmund
  2204 | D:2      | Reached skill level 5 in Axes
  2204 | D:2      | Reached XP level 5. HP: 27/41 MP: 5/5
  2933 | D:3      | Noticed an ogre
  2939 | D:3      | Gained mutation: A meltable shield of frost defends you.
                  | (SH +4) [demonic ancestry]
  2939 | D:3      | Reached XP level 6. HP: 47/47 MP: 6/6
  3518 | D:3      | Found a runed translucent gate.
  3518 | D:3      | Found a runed translucent gate.
  3518 | D:3      | Found a runed translucent gate.
  3518 | D:3      | Found an opulent altar of Gozag.
  4101 | D:3      | Found a faded altar of an unknown god.
  4142 | D:3      | Noticed an ice beast
  4143 | D:3      | Noticed garrulousMonolith's ghost (amateur MiGl)
  4667 | D:4      | Noticed a sky beast
  4680 | D:4      | Killed a sky beast
  4681 | D:4      | Gained mutation: You sometimes gain a little power by
                  | taking damage. [demonic ancestry]
  4681 | D:4      | Reached XP level 7. HP: 27/52 MP: 7/7
  5128 | D:4      | Found a runed translucent door.
  5129 | D:4      | Noticed Crazy Yiuf
  5387 | D:4      | Killed Crazy Yiuf
  5731 | D:5      | Entered Level 5 of the Dungeon
  6342 | D:5      | Found Ecuvalyo's Weapon Shop.
  6522 | D:5      | Found Jauzusm's General Store.
  6531 | D:5      | Bought a scroll of enchant weapon for 105 gold pieces
  7142 | D:6      | Noticed Maggie
  7157 | D:6      | Killed Maggie
  7158 | D:6      | Reached XP level 8. HP: 58/58 MP: 8/8
  7890 | D:6      | Reached skill level 10 in Axes
  9368 | D:7      | Reached XP level 9. HP: 63/63 MP: 9/9
  9602 | D:7      | Found a staircase to the Ecumenical Temple.
 10099 | Temple   | Entered the Ecumenical Temple
 10224 | Temple   | Became a worshipper of Yredelemnul the Dark
 10529 | D:8      | Noticed Grum
 10544 | D:8      | Killed Grum
 11027 | D:8      | Noticed a troll
 11039 | D:8      | Killed a troll
 11153 | D:8      | Found Aguelang's Magic Scroll Shoppe.
 11168 | D:8      | Bought a scroll of magic mapping for 35 gold pieces
 11191 | D:8      | Bought a scroll of silence for 75 gold pieces
 11227 | D:8      | Found Inytat's Armour Shop.
 11425 | D:8      | Reached * piety under Yredelemnul
 12029 | D:9      | Found a runed translucent door.
 12031 | D:9      | Noticed a fire dragon
 12035 | D:9      | Noticed a fire dragon
 12035 | D:9      | Noticed an ice dragon
 12037 | D:9      | Found the +2 shield of Resistance {rF++ rC++ Will++}
 12039 | D:9      | Noticed an ice dragon
 12045 | D:9      | Found a runed translucent door.
 12606 | D:9      | Gained mutation: You sometimes gain power by taking damage.
                  | [demonic ancestry]
 12606 | D:9      | Reached XP level 10. HP: 73/73 MP: 10/10
 12630 | D:9      | Reached skill level 5 in Fighting
 12659 | D:9      | Reached skill level 5 in Armour
 12709 | D:9      | Reached ** piety under Yredelemnul
 13088 | D:9      | Found a staircase to the Lair.
 13325 | D:10     | Entered Level 10 of the Dungeon
 13331 | D:10     | Reached skill level 1 in Invocations
 13550 | D:10     | Noticed Sonja
 13560 | D:10     | Killed Sonja
 13600 | D:9      | Reached skill level 5 in Invocations
 14011 | D:10     | Found a staircase to the Orcish Mines.
 14311 | D:10     | Gained mutation: You have razor-sharp toenails. [demonic
                  | ancestry]
 14311 | D:10     | Reached XP level 11. HP: 37/77 MP: 17/17
 14583 | D:10     | Found a burning altar of Makhleb.
 14745 | D:10     | Noticed an unseen horror
 14750 | D:10     | Noticed an unseen horror
 14762 | D:10     | Killed an unseen horror
 14766 | D:10     | Killed an unseen horror
 14767 | D:10     | Reached skill level 10 in Invocations
 14933 | D:10     | Reached *** piety under Yredelemnul
 15313 | D:11     | Noticed a two-headed ogre
 15325 | D:11     | Killed a two-headed ogre
 16276 | Lair:1   | Entered Level 1 of the Lair of Beasts
 16356 | Lair:1   | Reached skill level 1 in Polearms
 17247 | Lair:1   | Found a blossoming altar of Fedhas.
 17260 | Lair:1   | Noticed an oklob plant
 17322 | Lair:1   | Got a fine spear
 17616 | Lair:1   | Reached skill level 1 in Evocations
 17629 | Lair:1   | Received a gift from Yredelemnul (a mummy)
 18581 | Lair:2   | Found a transporter.
 18598 | Lair:2   | Found a transporter.
 18598 | Lair:2   | Noticed a hell hog
 18831 | Lair:2   | Found a staircase to the Snake Pit.
 19028 | Lair:2   | Found a one-way gate to the infinite horrors of the Abyss.
 19028 | Lair:2   | Noticed Evofyass's ghost (journeyman TeCj)
 19049 | Lair:2   | Identified the +8 trident of the Silent Majority {distort,
                  | rN++}
 19049 | Lair:2   | Noticed a spriggan rider
 19066 | Lair:3   | Noticed a five-headed hydra
 19077 | Lair:3   | Killed a five-headed hydra
 19078 | Lair:3   | Reached skill level 5 in Evocations
 19078 | Lair:3   | Gained mutation: You are partially covered in rugged brown
                  | scales. (AC +1, +3% HP) [demonic ancestry]
 19078 | Lair:3   | Reached XP level 12. HP: 80/91 MP: 20/20
 19731 | Lair:3   | Noticed a six-headed hydra
 19752 | Lair:3   | Killed a six-headed hydra
 19760 | Lair:3   | Received a gift from Yredelemnul (a wight)
 20979 | Lair:4   | Noticed a five-headed hydra
 20989 | Lair:4   | Killed a five-headed hydra
 21060 | Lair:4   | Found a staircase to the Shoals.
 21284 | Lair:4   | Noticed Nergalle
 21329 | Lair:4   | Noticed a boulder beetle
 21351 | Lair:4   | Killed a boulder beetle
 21540 | Lair:4   | Noticed a six-headed hydra
 21549 | Lair:4   | Killed a six-headed hydra
 21723 | Lair:4   | Killed Nergalle
 21777 | Lair:4   | Noticed a six-headed hydra
 21784 | Lair:4   | Killed a six-headed hydra
 22444 | Lair:5   | Noticed a boulder beetle
 22474 | Lair:4   | Killed a boulder beetle
 22750 | Lair:5   | Reached **** piety under Yredelemnul
 22761 | Lair:5   | Received a gift from Yredelemnul (a mummy)
 22761 | Lair:5   | Noticed a boulder beetle
 22809 | Lair:5   | Killed a boulder beetle
 23033 | Lair:5   | Found a staircase to the Slime Pits.
 23072 | Lair:5   | Noticed Nessos
 23119 | Lair:5   | Noticed a seven-headed hydra
 23122 | Lair:5   | Killed Nessos
 23133 | Lair:5   | Killed a seven-headed hydra
 23134 | Lair:5   | Gained mutation: You are powered by pain. [demonic
                  | ancestry]
 23134 | Lair:5   | Reached XP level 13. HP: 25/98 MP: 22/22
 24423 | Lair:5   | Noticed Josephine
 24856 | Lair:5   | Reached skill level 5 in Shields
 24880 | Lair:5   | Killed Josephine
 25337 | Lair:6   | Entered Level 6 of the Lair of Beasts
 27135 | Lair:6   | Received a gift from Yredelemnul (a mummy)
 27737 | Lair:6   | Reached XP level 14. HP: 81/106 MP: 23/23
 28082 | Lair:6   | Identified Sif Muna's Papyrus of Bewitchment and Battle
                  | Magic
 28105 | Lair:6   | Identified Dispater's Almanac of Combat Magic
 28218 | Lair:6   | Found a hazy altar of Hepliaklqana.
 29127 | Orc:1    | Entered Level 1 of the Orcish Mines
 29507 | Orc:2    | Entered Level 2 of the Orcish Mines
 29542 | Orc:1    | Received a gift from Yredelemnul (a wraith)
 29722 | Orc:2    | Found a staircase to the Elven Halls.
 29768 | Orc:1    | Found Elahe's Weapon Boutique.
 29904 | Orc:1    | You fall into a shaft and drop 1 floor!
 30037 | Orc:2    | Reached skill level 15 in Axes
 30358 | Orc:2    | Noticed Saint Roka
 30371 | Orc:2    | Received a gift from Yredelemnul (a wraith)
 31691 | D:12     | Paralysed by a hornet for 2 turns
 31698 | D:12     | Paralysed by a hornet for 3 turns
 32558 | D:13     | Noticed a ghoul
 32667 | D:13     | Received a gift from Yredelemnul (a wraith)
 33089 | D:13     | Found a frozen archway.
 33117 | IceCv    | Entered an ice cave
 33354 | IceCv    | Reached ***** piety under Yredelemnul
 34368 | IceCv    | Noticed a frost giant
 34410 | IceCv    | Killed a frost giant
 34410 | IceCv    | Received a gift from Yredelemnul (3 flying skulls)
 34460 | IceCv    | Identified the ring "Qezae" {rPois Int+6} (You found it in
                  | an ice cave)
 34466 | IceCv    | Identified the +0 spear of Valiance {pain, rC+ Will+++
                  | Str+3 Int-3} (You found it on level 1 of the Lair of
                  | Beasts)
 34781 | D:13     | Killed a ghoul
 35738 | D:13     | Reached XP level 15. HP: 113/113 MP: 24/24
 35910 | D:13     | Received a gift from Yredelemnul (a skeletal warrior)
 36212 | Orc:2    | Killed Saint Roka
 36461 | Orc:2    | Noticed Erolcha
 36484 | Orc:2    | Killed Erolcha
 36623 | Orc:2    | Noticed Maurice
 36639 | Orc:2    | Killed Maurice
 36836 | Orc:2    | Found a roughly hewn altar of Beogh.
 36872 | Orc:2    | Found Cuek Qokh's General Store.
 36901 | Orc:2    | Your ally Maurice died
 36909 | Orc:2    | Your ally Erolcha died
 36912 | Orc:2    | Your ally Saint Roka died
 37434 | Orc:2    | Reached skill level 10 in Fighting
 37491 | Orc:2    | Found Xegede's Book Shop.
 37494 | Orc:2    | Found Oteatwiw's Magic Scroll Emporium.
 37496 | Orc:2    | Found Befy's Antique Weapon Emporium.
 37971 | D:14     | Found a glowing silver altar of Zin.
 37972 | D:14     | You fall into a shaft and drop 1 floor!
 37972 | D:15     | Entered Level 15 of the Dungeon
 37999 | D:14     | Found a gate to the Vaults.
 37999 | D:14     | Noticed Rupert
 37999 | D:14     | Noticed Urug
 38093 | D:14     | Found an ancient bone altar of Kikubaaqudgha.
 38112 | D:14     | Killed Urug
 38116 | D:14     | Your ally Urug died
 38146 | D:14     | Reached ****** piety under Yredelemnul
 38180 | D:14     | Received a gift from Yredelemnul (a flying skull)
 38467 | D:14     | Killed Rupert
 38673 | D:14     | Found a shadowy altar of Dithmenos.
 38756 | D:14     | Received a gift from Yredelemnul (a flayed ghost)
 39038 | D:14     | Received a gift from Yredelemnul (a skeletal warrior)
 40415 | D:15     | Received a gift from Yredelemnul (a wraith)
 40498 | D:15     | Received a gift from Yredelemnul (a phantasmal warrior)
 40965 | D:15     | Gained mutation: You have claws for feet. [demonic
                  | ancestry]
 40965 | D:15     | Reached XP level 16. HP: 134/134 MP: 25/25
 41267 | D:15     | Received a gift from Yredelemnul (a phantasmal warrior)
 41389 | D:15     | Found a staircase to the Depths.
 41765 | Snake:1  | Entered Level 1 of the Snake Pit
 42045 | Snake:1  | Noticed Azrael
 42074 | Snake:1  | Killed Azrael
 42080 | Snake:1  | Received a gift from Yredelemnul (a vampire knight)
 42863 | Snake:2  | Received a gift from Yredelemnul (a flayed ghost)
 43183 | Snake:2  | Found Onkimpy's Weapon Shop.
 43462 | Snake:2  | Reached skill level 10 in Shields
 43618 | Snake:2  | Received a gift from Yredelemnul (a phantasmal warrior)
 44553 | Orc:2    | Bought the +8 lance "Wyrmbane" {slay drac, rPois rF+ rC+
                  | AC+3} for 2181 gold pieces
 44553 | Orc:2    | Found the +8 lance "Wyrmbane" {slay drac, rPois rF+ rC+
                  | AC+3}
 44932 | Snake:3  | Received a gift from Yredelemnul (a ghoul)
 45154 | Snake:3  | Received a gift from Yredelemnul (a bone dragon)
 45556 | Snake:3  | Noticed Vashnia
 45580 | Snake:3  | Killed Vashnia
 46074 | Snake:4  | Entered Level 4 of the Snake Pit
 46285 | Snake:4  | Reached skill level 10 in Armour
 46442 | Snake:4  | Reached XP level 17. HP: 101/142 MP: 24/26
 46668 | Snake:4  | Received a gift from Yredelemnul (a phantasmal warrior)
 47044 | Snake:4  | Received a gift from Yredelemnul (a phantasmal warrior)
 47310 | Snake:4  | Received a gift from Yredelemnul (a vampire)
 47794 | Snake:4  | Received a gift from Yredelemnul (a skeletal warrior)
 47991 | Snake:4  | Got a serpentine rune of Zot
 48253 | Shoals:1 | Entered Level 1 of the Shoals
 48320 | Shoals:1 | Found Erel's General Store.
 48366 | Shoals:1 | Bought a scroll of fog for 30 gold pieces
 48366 | Shoals:1 | Bought a scroll of teleportation for 45 gold pieces
 48389 | Shoals:1 | Identified a scroll of acquirement
 48434 | Shoals:1 | Acquired a manual of Fighting
 49027 | Shoals:2 | Found a runed translucent door.
 49037 | Shoals:2 | Identified the +7 war axe "Otanil" {flame, *Drain rPois
                  | rN+++} (You found it on level 2 of the Shoals)
 49160 | Shoals:2 | Noticed Toac's ghost (adept DsGl)
 49219 | Shoals:2 | Killed Toac's ghost
 49382 | Shoals:2 | Reached skill level 15 in Fighting
 49438 | Shoals:2 | Noticed a kraken
 49450 | Shoals:2 | Killed a kraken
 50253 | Vaults:1 | Entered Level 1 of the Vaults
 50297 | Vaults:1 | Received a gift from Yredelemnul (a flayed ghost)
 50316 | Vaults:1 | Found Etaffih's General Store.
 51096 | Vaults:1 | Found Akaqoe's Antique Armour Shop.
 51126 | Vaults:1 | Received a gift from Yredelemnul (a profane servitor)
 51226 | Vaults:1 | Found Beddif Koiz's Magic Scroll Shoppe.
 51253 | Vaults:1 | Bought a scroll of blinking for 105 gold pieces
 51253 | Vaults:1 | Bought a scroll of blinking for 105 gold pieces
 51539 | Vaults:1 | Found Wuxkuss's Assorted Antiques.
 51996 | Vaults:1 | Gained mutation: You are mostly covered in rugged brown
                  | scales. (AC +2, +5% HP) [demonic ancestry]
 51996 | Vaults:1 | Reached XP level 18. HP: 144/162 MP: 27/27
 52007 | Vaults:1 | Received a gift from Yredelemnul (a vampire knight)
 52589 | Vaults:2 | Received a gift from Yredelemnul (a phantasmal warrior)
 52816 | Vaults:2 | Received a gift from Yredelemnul (a skeletal warrior)
 53138 | Vaults:2 | Received a gift from Yredelemnul (a ghoul)
 53435 | Vaults:2 | Found Waosch's Armour Shop.
 53447 | Vaults:2 | Found Kaotifif's Magic Scroll Boutique.
 53515 | Vaults:2 | Received a gift from Yredelemnul (a phantasmal warrior)
 54392 | Vaults:3 | Noticed Bai Suzhen
 54409 | Vaults:3 | Killed Bai Suzhen
 54504 | Vaults:3 | Found a staircase to the Crypt.
 54504 | Vaults:3 | Found a basalt altar of Yredelemnul.
 54504 | Vaults:3 | Found an ancient bone altar of Kikubaaqudgha.
 54504 | Vaults:3 | Noticed Mara
 54524 | Vaults:3 | Noticed dolemite99's illusion
 54529 | Vaults:3 | Killed Mara
 54637 | Vaults:3 | Noticed Nikola
 54647 | Vaults:3 | Killed Nikola
 54976 | Vaults:3 | Received a gift from Yredelemnul (a phantasmal warrior)
 55316 | Vaults:3 | Found a runed translucent door.
 55316 | Vaults:3 | Found a shimmering altar of Xom.
 55316 | Vaults:3 | Noticed agentgt's ghost (veteran KoAK)
 55336 | Vaults:3 | Killed agentgt's ghost
 55354 | Vaults:3 | Identified the +6 lajatang of the Chopping Sybil {speed,
                  | rElec Will+} (You found it on level 3 of the Vaults)
 56149 | Vaults:4 | Received a gift from Yredelemnul (a skeletal warrior)
 56678 | Vaults:4 | Reached skill level 15 in Armour
 56692 | Vaults:4 | Received a gift from Yredelemnul (a phantasmal warrior)
 56692 | Vaults:4 | Gained mutation: Your magical and physical power is
                  | slightly enhanced at high health. [demonic ancestry]
 56692 | Vaults:4 | Reached XP level 19. HP: 161/171 MP: 28/28
 56760 | Vaults:4 | Received a gift from Yredelemnul (a bone dragon)
 56785 | Vaults:4 | Found Nymaeh's Magic Scroll Boutique.
 56793 | Vaults:4 | Bought a scroll of summoning for 95 gold pieces
 56793 | Vaults:4 | Bought a scroll of teleportation for 30 gold pieces
 57709 | Shoals:2 | Received a gift from Yredelemnul (a vampire)
 58183 | Shoals:2 | Received a gift from Yredelemnul (a phantasmal warrior)
 58183 | Shoals:2 | Received a gift from Yredelemnul (a bone dragon)
 59391 | Shoals:3 | Noticed Polyphemus
 59396 | Shoals:3 | Killed Polyphemus
 59554 | Shoals:4 | Entered Level 4 of the Shoals
 59558 | Shoals:4 | Noticed Ilsuiw
 59561 | Shoals:4 | Received a gift from Yredelemnul (a ghoul)
 59572 | Shoals:4 | Killed Ilsuiw
 59791 | Shoals:4 | Your ally Ilsuiw died
 59928 | Shoals:4 | Found Kigailu's Assorted Antiques.
 59943 | Shoals:4 | Bought a scroll of blinking for 255 gold pieces
 59943 | Shoals:4 | Bought a wand of acid (6) for 272 gold pieces
 60045 | Shoals:4 | Got a barnacled rune of Zot
 60181 | Shoals:4 | Received a gift from Yredelemnul (a phantasmal warrior)
 60215 | Shoals:4 | Identified the ring "Netau" {Will+ AC+4 Str+2 Dex-2} (You
                  | found it on level 4 of the Shoals)
 60453 | Shoals:4 | Identified the +10 shortbow "Fyucof" {freeze, rF++ Dex+5}
 60763 | Elf:1    | Entered Level 1 of the Elven Halls
 61303 | Elf:1    | Identified the Volume of Black Magic
 61437 | Elf:1    | Received a gift from Yredelemnul (a phantasmal warrior)
 62070 | Elf:2    | Received a gift from Yredelemnul (a vampire knight)
 62218 | Elf:2    | Received a gift from Yredelemnul (a skeletal warrior)
 62219 | Elf:2    | Reached skill level 15 in Shields
 62676 | Elf:2    | Received a gift from Yredelemnul (a vampire)
 62676 | Elf:2    | Received a gift from Yredelemnul (a bone dragon)
 62830 | Elf:2    | Found a huge runed translucent gate.
 62830 | Elf:2    | Found a huge runed translucent gate.
 62830 | Elf:2    | Found a huge runed translucent gate.
 62836 | Elf:2    | Found a huge runed translucent gate.
 62836 | Elf:2    | Found a huge runed translucent gate.
 63293 | Elf:3    | Entered Level 3 of the Elven Halls
 63352 | Elf:3    | Found a magical portal.
 63398 | Elf:3    | Reached XP level 20. HP: 132/178 MP: 29/29
 63548 | Elf:3    | Received a gift from Yredelemnul (a phantasmal warrior)
 63799 | Elf:3    | Received a gift from Yredelemnul (a vampire knight)
 64126 | Elf:3    | Identified the ring of Ru's Regard {rPois rN+ Dex+6}
 64133 | Elf:3    | Identified the +1 leather armour of Makhleb's Inspiration
                  | {+Blink Str+5 Int+2}
 64133 | Elf:3    | Identified the ring "Zuenaj" {rC++ Int-2 Dex+6}
 64664 | Elf:3    | Identified the Incunabulum of Conjuration
 64716 | Elf:3    | Identified the Collected Works on the Creative Voyage
 64770 | Elf:3    | Received a gift from Yredelemnul (a vampire knight)
 65234 | Elf:3    | Found a portal to a secret trove of treasure.
 65505 | Orc:2    | Bought a scroll of blinking for 90 gold pieces
 65505 | Orc:2    | Bought a scroll of fear for 42 gold pieces
 65505 | Orc:2    | Bought a scroll of fog for 24 gold pieces
 65505 | Orc:2    | Bought 3 scrolls of silence for 270 gold pieces
 65722 | Vaults:1 | Bought a wand of acid (7) for 256 gold pieces
 65933 | Orc:2    | Bought a scroll of magic mapping for 45 gold pieces
 65933 | Orc:2    | Bought a scroll of teleportation for 39 gold pieces
 66172 | Vaults:2 | Bought a scroll of magic mapping for 63 gold pieces
 66172 | Vaults:2 | Bought a scroll of silence for 135 gold pieces
 66310 | Depths:1 | Entered Level 1 of the Depths
 66455 | Depths:1 | Found a gateway to Hell.
 66482 | Depths:1 | Noticed Asterion
 66488 | Depths:1 | Noticed Louise
 66494 | Depths:1 | Received a gift from Yredelemnul (a skeletal warrior)
 66494 | Depths:1 | Reached skill level 10 in Evocations
 66503 | Depths:1 | Killed Louise
 66506 | Depths:1 | Killed Asterion
 66511 | Depths:1 | Your ally Louise died
 66517 | Depths:1 | Your ally Asterion died
 66692 | Depths:1 | Found Reloh's Elemental Accessories.
 66701 | Depths:1 | Received a gift from Yredelemnul (a flayed ghost)
 66851 | Depths:1 | Found a one-way gate leading to the halls of Pandemonium.
 67207 | Depths:1 | Noticed a dread lich
 67238 | Depths:1 | Killed a dread lich
 67523 | Depths:1 | HP: 3/136 [shadow dragon/bolt of negative energy (27)]
 67525 | Depths:1 | Killed from afar by a shadow dragon

Illustrated notes

Levels and vault maps discovered:
D:1:      shiori_arrival_whats_in_store_for_you, layout_loops_corners,
          minmay_tetromino_t4
D:2:      layout_loops_ring, grunt_ministairs_8, uniq_terence, uniq_sigmund
D:3:      layout_loops_ring, nicolae_overflow_hidden_temple,
          chequers_ecumenical_altar_simple_redux, ebering_ghost_gozag,
          minmay_ogre_servants
D:4:      layout_rooms, uniq_crazy_yiuf_cottage
D:5:      layout_gridville, serial_shops, shop, shop
D:6:      layout_cave_pods, uniq_maggie
D:7:      layout_loops_cross, minmay_temple_entry_drinking_statues,
          serial_park_tiny_2
D:8:      layout_basic, serial_shops, nicolae_shop_behind_doors,
          kennysheep_little_box, uniq_grum
D:9:      layout_rooms, due_lair_maze_entry_diamond,
          minmay_guarded_unrand_resistance
D:10:     layout_irregular_city, david_orc_1_choice, bloody_makhleb, uniq_sonja
D:11:     layout_loops_ring
D:12:     layout_basic, minmay_more_statues
D:13:     layout_layer_cave, serial_undead, serial_undead_d, serial_undead_e,
          serial_undead_a, serial_undead_c, portal_ice_cave_entry_ice_beasts,
          minmay_evil_grid
D:14:     layout_cave_pools, david_vaults_3, special_room [special_room_bee],
          basic_altar, grunt_dithmenos_smoke_and_mirrors, grunt_decor_arrowhead,
          lemuel_hellish_altar
D:15:     grunt_enter_depths_snipers, layout_basic, nrook_uturn
Temple:   kilobyte_greek_temple
Lair:1:   statuecave_lemuel, layout_misc_corridors, tgw_fedhas
Lair:2:   layout_regular_city, guppyfry_snake_entry_garden,
          gammafunk_ghost_abyssal_escape
Lair:3:   layout_gridlike, special_room, infiniplex_staircase_pool,
          grunt_megastairs_5
Lair:4:   layout_cave_pods, minmay_shoals_entry_centaurs, uniq_nergalle
Lair:5:   layout_cave_pods, minmay_slime_entry_jelly_boxes, uniq_josephine,
          uniq_nessos
Lair:6:   minmay_lair_end_frog_pond, layout_regular_city, basic_altar
Shoals:1: layout_shoals, serial_shops, shop
Shoals:2: layout_shoals, ebering_ghost_reflecting_pool,
          nicolae_shoals_siren_and_animal_friends
Shoals:3: layout_shoals, uniq_polyphemus
Shoals:4: shoals_end_grunt_ice, layout_shoals, shoals_ilsuiw_ice, serial_shops,
          shop
Snake:1:  layout_rooms, statue_in_the_mist_lemuel, uniq_azrael
Snake:2:  layout_misc_corridors, serial_shops, shop,
          hangedman_snake_corridor_split, grunt_megastairs_3
Snake:3:  layout_basic, uniq_vashnia
Snake:4:  grunt_snake_rune_pools, layout_onion, st_stairs_4,
          serial_bayou_shore_b
Orc:1:    layout_diamond_mine, serial_shops, shop_statue
Orc:2:    st_orc_elflike, layout_diamond_mine, david_defended_altar_orc,
          uniq_saint_roka, uniq_erolcha, uniq_maurice
Elf:1:    minmay_elf_arrival_circle, layout_loops_corners,
          minmay_elf_necromancy, lemuel_flamethrower_2
Elf:2:    layout_geoelf_diagonals, roderic_lattice_octagonal_star
Elf:3:    grunt_elf_hall_asides, layout_onion_city, mu_enter_wizlab_1,
          nicolae_trove_entry_diagonal
Vaults:1: v_alt_pattern_5, nicolae_vaults_shelves_hall, vaults_room_large_hall,
          vaults_room_pool, grunt_vaults_diagonal,
          ontoclasm_vaults_decontamination, layout_vaults_omnigrid,
          serial_shops, nicolae_shop_statue_plus, shop,
          nicolae_shop_behind_doors, shop
Vaults:2: nicolae_vaults_little_squares_3, v_misc_19, st_lines,
          ontoclasm_vaults_idyll, vaults_mumra_chevron, vaults_dpeg_cross,
          v_misc_17, nicolae_vaults_angled_halls, nicolae_vaults_circle_grid_b,
          serial_ice_g, nicolae_vaults_network_s, nicolae_vaults_sealed_display,
          nicolae_vaults_yaktaur_gun_rack, v_misc_24, layout_vaults_big_cross,
          serial_shops, shop, nicolae_shop_temple_entry_statues_fountains
Vaults:3: ebering_vaults_ghost_xom, vaults_room_large_hall,
          nicolae_vaults_ninety_degrees, nicolae_vaults_three_branches,
          minmay_crypt_entry_necro_gods, ontoclasm_vaults_ring_large,
          hangedman_vaults_maws, v_rooms_3, v_misc_13,
          grunt_vaults_hallway_long, v_misc_25, hangedman_vaults_maws,
          vaults_dpeg_diagonal, hangedman_vaults_maws, layout_vaults_omnibox,
          uniq_bai_suzhen, uniq_nikola, uniq_mara
Vaults:4: hangedman_vaults_slice, hangedman_vaults_river_flow, v_misc_4,
          v_misc_25, hangedman_vaults_capsules, nicolae_vaults_little_squares_5,
          vaults_dpeg_hooks, hangedman_vaults_nails, vaults_mumra_hexcomb,
          vaults_dpeg_spiral, layout_vaults_big_room, serial_shops, shop
Depths:1: layout_gridlike, nicolae_abyss_entry_one_way_or_another,
          minmay_hedge_maze, hell_entry, special_room [special_room_morgue],
          rand_demon_pan_entry_4, hex_medium, minmay_misc_feat_room,
          chequers_serial_rivers_micro_c, nicolae_elemental_shop, uniq_asterion

Skill      XL: |  1  2  3  4  5  6  7  8  9 10 11 12 13 14 15 16 17 18 19 20 |
---------------+-------------------------------------------------------------+-----
Axes           | 2 3 4 5 7 9 10 12 13 14 17 | 17.0
Armour         | 4 5 6 10 11 15 16 17 | 17.1
Fighting       | 4 6 7 13 17 | 17.9
Invocations    | 8 11 12 | 12.4
Polearms       | 2 |  2.9
Evocations     | 5 8 12 | 12.5
Shields        | 8 11 12 15 | 15.0

Action                   |  1- 3 |  4- 6 |  7- 9 | 10-12 | 13-15 | 16-18 | 19-21 || total
-------------------------+-------+-------+-------+-------+-------+-------+-------++-------
Melee: War axe           |   123 |   146 |   170 |   212 |    81 |       |       ||   732
       Kick              |    17 |    31 |   104 |   262 |   614 |   397 |   177 ||  1602
       Broad axe         |       |       |   115 |    18 |  1095 |   239 |       ||  1467
       Trident           |       |       |   117 |   481 |   255 |       |       ||   853
       Morningstar       |       |       |       |     4 |       |       |       ||     4
       Lance             |       |       |       |       |       |   929 |   607 ||  1536
 Fire: Fustibalus        |       |       |       |     3 |       |       |       ||     3
       Longbow           |       |       |       |       |     7 |       |       ||     7
Throw: Stone             |     8 |     7 |    30 |    15 |     2 |       |       ||    62
       Dart              |       |       |       |       |    87 |    34 |       ||   121
       Javelin           |       |       |       |       |       |    22 |    35 ||    57
Invok: Animate Remains   |       |       |     1 |    16 |       |       |       ||    17
       Animate Dead      |       |       |       |    42 |   122 |   115 |    46 ||   325
       Injury Mirror     |       |       |       |     1 |     5 |       |       ||     6
       Drain Life        |       |       |       |     1 |    10 |    13 |     8 ||    32
       Recall Undead Sla |       |       |       |       |     9 |    28 |    24 ||    61
Evoke: Wand              |       |       |       |    30 |    24 |    15 |     5 ||    74
       Condenser vane    |       |       |       |       |       |       |     2 ||     2
       Box of beasts     |       |       |       |       |       |       |     1 ||     1
  Use: Potion            |       |     3 |     6 |     2 |     8 |     2 |     3 ||    24
       Scroll            |       |       |    25 |     4 |    27 |     6 |    10 ||    72
 Stab: Distracted        |       |       |     1 |     6 |    12 |    27 |    11 ||    57
       Paralysed         |       |       |       |    19 |     2 |     5 |     2 ||    28
Armor: Scale mail        |    35 |       |       |       |       |       |       ||    35
       Chain mail        |    54 |    67 |   114 |   323 |   493 |       |       ||  1051
       Skin              |       |       |    24 |       |       |       |       ||    24
       Plate armour      |       |       |    91 |       |   108 |   318 |   169 ||   686
Dodge: Dodged            |    28 |    21 |   115 |   260 |   425 |   116 |    66 ||  1031
Block: Kite shield       |    54 |    66 |       |       |  1198 |   788 |   352 ||  2458
       Buckler           |       |     5 |   182 |   320 |       |       |       ||   507
       Other             |       |       |       |       |     2 |       |       ||     2
       Reflection        |       |       |       |       |    16 |    99 |    61 ||   176

Table legend: (Time is in decaauts)
 A = Elapsed time spent in this place.
 B = Non-inter-level travel time spent in this place.
 C = Inter-level travel time spent in this place.
 D = Time resting spent in this place.
 E = Time spent auto-exploring this place.
 F = Levels seen in this place.
 G = Mean time per level.
                   A        B        C        D        E       F      G
               +--------+--------+--------+--------+--------+-----+--------+
         Total |  67164 |  62389 |   4775 |  17707 |  30176 |  41 | 1638.1 |
       Dungeon |  26025 |  24046 |   1979 |   8274 |  10606 |  15 | 1735.0 |
        Temple |    159 |    128 |     31 |      0 |    105 |   1 |  159.0 |
          Lair |  13194 |  12321 |    873 |   4479 |   5069 |   6 | 2199.0 |
        Shoals |   4787 |   4491 |    296 |    726 |   2460 |   4 | 1196.8 |
     Snake Pit |   5786 |   5567 |    219 |   1020 |   3068 |   4 | 1446.5 |
  Orcish Mines |   3493 |   2829 |    664 |    971 |   1149 |   2 | 1746.5 |
   Elven Halls |   4522 |   4299 |    223 |    625 |   2726 |   3 | 1507.3 |
        Vaults |   6682 |   6195 |    487 |    947 |   3895 |   4 | 1670.5 |
        Depths |   1134 |   1134 |      0 |    237 |    519 |   1 | 1134.0 |
      Ice Cave |   1378 |   1378 |      0 |    428 |    577 |   1 | 1378.0 |
               +--------+--------+--------+--------+--------+-----+--------+

Top non-repeatable levels by time:
  Lair:5: 3983 daAuts
   Orc:2: 2619 daAuts
    D:14: 2597 daAuts
  Lair:1: 2282 daAuts
  Lair:6: 2270 daAuts
    D:13: 2176 daAuts
    D:10: 2121 daAuts
    D:12: 2059 daAuts
   Elf:3: 2026 daAuts
Vaults:1: 2007 daAuts
  Lair:4: 1997 daAuts
  Lair:3: 1948 daAuts
     D:9: 1931 daAuts
 Snake:4: 1893 daAuts
    D:15: 1835 daAuts
